 Dungeon Crawl Stone Soup version 0.31.0-11-ge490571c62 (webtiles) character file.

Game seed: 10235412044795733272

216 Warped the Chopper (level 5, 0/33 HPs)
             Began as a Gargoyle Gladiator on Jan 27, 2024.
             Incinerated by a bombardier beetle (5 damage)
             ... with a burning spray
             ... on level 3 of the Dungeon.
             The game lasted 00:03:19 (2270 turns).

Warped the Chopper (Gargoyle Gladiator)             Turns: 2270, Time: 00:03:19

Health: 0/33       AC: 14    Str: 20    XL:     5   Next: 93%
Magic:  5/5        EV: 15    Int:  8    God:
Gold:   175        SH:  0    Dex: 11    Spells: 4/4 levels left

rFire   . . .        b - +0 dagger (elec)
rCold   . . .        (no shield)
rNeg    + . .        i - +0 scale mail
rPois   ∞            c - +1 helmet
rElec   +            (no cloak)
rCorr   .            f - +1 pair of gloves
SInv    .            (no boots)
Will    .....        (no amulet) Stlth
                     h - +5 ring of evasion
HPRegen 0.25/turn    (no ring)
MPRegen 0.09/turn

%: no passive effects
@: confused, on fire, ambrosia-drunk, glowing
A: sickness immunity, AC +4, negative energy resistance 1, electricity
resistance, torment resistance 1, petrification resistance
a: no special abilities


You were on level 3 of the Dungeon.
You visited 1 branch of the dungeon, and saw 3 of its levels.

You collected 175 gold pieces.

Inventory:

Hand Weapons
 a - a +0 war axe
 b - a +0 dagger of electrocution (weapon)
 s - a +0 halberd
 t - a +0 trident
 u - a +0 hand axe
Missiles
 d - a throwing net (quivered)
 e - a javelin
 j - 7 poisoned darts
 q - 34 stones
Armour
 c - a +1 helmet (worn)
 f - a +1 pair of gloves (worn)
 i - a +0 scale mail (worn)
 m - a +0 leather armour
 r - a +0 buckler
 y - a +0 plate armour
Jewellery
 g - a ring of ice
 h - a +5 ring of evasion (left hand)
Talismans
 x - a flux talisman
Wands
 p - a wand of flame (5)
 v - a wand of charming (4)
Scrolls
 l - a scroll of enchant armour
Potions
 n - 2 potions of brilliance
 o - a potion of enlightenment
 w - a potion of curing {unknown}


   Skills:
 + Level 3.8 Fighting
 * Level 4.7 Axes
 - Level 1.7 Throwing
 + Level 2.1 Armour
 - Level 2.4 Dodging


You had 4 spell levels left.
You didn't know any spells.
Your spell library was empty.

Dungeon Overview and Level Annotations

Branches:
Dungeon (3/15)

Altars:
Cheibriados


Innate Abilities, Weirdness & Mutations

You are immune to sickness and miasma.
Your stone body is resilient. (AC +4)
You are immune to poison.
You resist negative energy. (rN+)
You are resistant to electric shocks. (rElec)
You are resistant to unholy torment.
You are immune to petrification.


Message History

You are too injured to fight recklessly!
You are too injured to fight recklessly!
You are too injured to fight recklessly!
You are too injured to fight recklessly!
You are too injured to fight recklessly!
You are too injured to fight recklessly!
You are too injured to fight recklessly!
You are too injured to fight recklessly!
You are too injured to fight recklessly!
You are too injured to fight recklessly!
You are too injured to fight recklessly!
You are too injured to fight recklessly!
You are too injured to fight recklessly!
You are too injured to fight recklessly!
You are too injured to fight recklessly!
You are too injured to fight recklessly!
You are too injured to fight recklessly!
You are too injured to fight recklessly!
Throw: 2 throwing nets
Press: ? - help, Q - select action, (/) - cycle Shift-Dir - straight line, f - bombardier beetle
Aim: a bombardier beetle (65% to hit)
You throw a throwing net.
The throwing net hits the bombardier beetle.
The bombardier beetle is caught in the net!
The liquid fire burns you!
You hit the bombardier beetle but do no damage.
The liquid fire burns you!
* * * LOW HITPOINT WARNING * * *
The bombardier beetle sprays incendiary fluid at you.
The burning spray hits you.
You are even more covered in liquid fire!
The bombardier beetle struggles against the net.
You are confused.
You feel invigorated. The liquid fire burns you!
* * * LOW HITPOINT WARNING * * *
Unknown command.
You shake off some of the fire as you move.
The liquid fire burns you!
You die...

### ###########.# ............#
###########.# ############## ..#
#.# #............. #'##
#.###########.########
...########..#..@..#....#
.........#####.B...'....#########
....#........#_....'..8..........
....#.....####.....'....#########
....####.....#.....#......#
......##...##############.#
......##...##.#.......# #.#
......##...##.........# #.#
......##............### #.#


You could see a bombardier beetle (caught).

Vanquished Creatures
  Ijyb (D:3)
  Terence (D:2)
  4 gnolls (D:3)
  4 adders
  A dart slug (D:1)
  A ribbon worm (D:3)
  An orc (D:2)
  10 ball pythons
  4 bats
  13 endoplasms
  4 giant cockroaches
  4 goblins
  5 hobgoblins
  7 jackals (D:1)
  3 quokkas
  3 frilled lizards
  8 kobolds
  5 rats
79 creatures vanquished.

Notes
Turn   | Place    | Note
-------+----------+-------------------------------------------
     0 | D:1      | Warped the Gargoyle Gladiator began the quest for the Orb.
     0 | D:1      | Reached XP level 1. HP: 12/12 MP: 1/1
   109 | D:1      | Reached skill level 3 in Axes
   182 | D:1      | Reached XP level 2. HP: 15/18 MP: 2/2
   412 | D:1      | Reached XP level 3. HP: 19/22 MP: 3/3
  1126 | D:2      | Reached XP level 4. HP: 25/28 MP: 4/4
  1176 | D:2      | Reached skill level 4 in Axes
  1182 | D:2      | Reached skill level 1 in Armour
  1432 | D:2      | Noticed Terence
  1459 | D:2      | Killed Terence
  1460 | D:2      | Reached XP level 5. HP: 32/32 MP: 5/5
  1946 | D:3      | Noticed Ijyb
  1971 | D:3      | Killed Ijyb
  2259 | D:3      | Found a snail-covered altar of Cheibriados.
  2270 | D:3      | Incinerated by a bombardier beetle

Illustrated notes

Levels and vault maps discovered:
D:1:      amcnicky_arrival_gap_in_the_tavern_cellar, layout_basic,
          minmay_misc_feat_columns, minmay_pentomino_r4
D:2:      layout_rooms, minmay_ruptured, uniq_terence
D:3:      layout_basic, slow_altar_2, uniq_ijyb

Skill      XL: |  1  2  3  4  5 |
---------------+----------------+-----
Axes           | 3 4 |  4.7
Fighting       | 3 |  3.8
Armour         | 1 2 |  2.1
Throwing       | |  1.7
Dodging        | |  2.4

Action                     |  1- 3 |  4- 6 || total
---------------------------+-------+-------++-------
  Melee: War axe           |    48 |       ||    48
         Dagger            |   100 |   164 ||   264
         Punch             |     1 |     1 ||     2
  Throw: Throwing net      |       |     5 ||     5
    Use: Scroll            |       |     5 ||     5
         Potion            |       |     1 ||     1
   Stab: Held in net/web   |       |     1 ||     1
 Armour: Leather armour    |    59 |    35 ||    94
         Scale mail        |       |    51 ||    51
  Dodge: Dodged            |   163 |   188 ||   351
